 Dungeon Crawl Stone Soup version 0.30-a0-989-g0d87f670db (webtiles) character file.

Game seed: 18082257911044898188

1623 prey the Trooper (level 8, -6/71 HPs)
             Began as a Minotaur Berserker on Feb 27, 2023.
             Was a Priest of Trog.
             Succumbed to a green ugly thing's poison
             ... on level 6 of the Dungeon on Apr 2, 2023.
             The game lasted 00:49:32 (5022 turns).

prey the Trooper (Minotaur Berserker)               Turns: 5022, Time: 00:49:33

Health: -6/71      AC:  9    Str: 22    XL:     8   Next: 65%
Magic:  7/7        EV: 12    Int:  6    God:    Trog [***...]
Gold:   244        SH:  0    Dex: 16    Spells: 7/7 levels left

rFire   . . .      SeeInvis +    K - +8 great sword of the Revolution {heavy, rC++}
rCold   + + +      Faith    .    (shield currently unavailable)
rNeg    . . .      Spirit   .    J - +2 scale mail {rC+}
rPois   .          Reflect  .    (helmet restricted)
rElec   .          Rampage  .    (no cloak)
rCorr   .                        (no gloves)
Will    .....                    (no boots) Stlth
                                 (no amulet)
HPRegen 0.31/turn                z - +6 ring of dexterity
MPRegen 0.10/turn                v - ring of see invisible

@: lethally poisoned (-6 -> -47), studying Maces & Flails
A: horns 2, retaliatory headbutt
a: Renounce Religion, Berserk, Trog's Hand


You were on level 6 of the Dungeon.
You worshipped Trog.
Trog was most pleased with you.
You visited 1 branch of the dungeon, and saw 6 of its levels.

You collected 244 gold pieces.

Inventory:

Hand Weapons
 K - the +8 great sword of the Revolution (weapon) {heavy, rC++}
   (You found it on level 5 of the Dungeon)

   rC:        It greatly protects you from cold.
Armour
 p - a +0 chain mail
 H - a +2 leather armour of poison resistance
 J - a +2 scale mail of cold resistance (worn)
 L - +0 steam dragon scales
 P - +0 swamp dragon scales
Jewellery
 i - a ring of willpower
 q - a ring of fire
 v - a ring of see invisible (right hand)
 z - a +6 ring of dexterity (left hand)
 B - a ring of protection from fire
 F - a ring of protection from cold
Wands
 w - a wand of charming (16)
 A - a wand of polymorph (16)
 N - a wand of roots (7)
Scrolls
 c - 5 scrolls of identify {unknown}
 e - 3 scrolls of immolation {unknown}
 f - a scroll of fear {unknown}
 g - 2 scrolls of blinking {unknown}
 j - a scroll of torment {unknown}
 m - a scroll of poison {unknown}
 o - a scroll of magic mapping {unknown}
 r - 3 scrolls of enchant weapon {unknown}
 y - a scroll of amnesia {unknown}
 C - a scroll of enchant armour {unknown}
 D - 3 scrolls of fog {unknown}
 E - a scroll of brand weapon {unknown}
 G - 4 scrolls of teleportation {unknown}
 M - a scroll of noise {unknown}
Potions
 a - a potion of cancellation {unknown}
 b - a potion of haste {unknown}
 h - 8 potions of curing {unknown}
 k - a potion of degeneration {unknown}
 l - a potion of lignification {unknown}
 n - 2 potions of brilliance {unknown}
 s - a potion of invisibility {unknown}
 t - a potion of magic {unknown}
 u - a potion of flight {unknown}
 x - a potion of mutation {unknown}


   Skills:
 + Level 6.9 Fighting
 * Level 5.4 Long Blades
 - Level 3.8 Maces & Flails
 - Level 6.6 Polearms
 + Level 6.8 Armour
 + Level 5.0 Dodging
 - Level 0.2 Stealth


You had 7 spell levels left.
You didn't know any spells.
Your spell library contained the following spells:

 Spells                   Type           Power      Damage    Failure   Level
 Cigotuvi's Dreadful Rot  Necr/Pois/Air  0%         N/A       87%         2
 Poisonous Vapours        Pois/Air       0%         N/A       87%         2
 Mephitic Cloud           Conj/Pois/Air  0%         N/A       98%         3


Dungeon Overview and Level Annotations

Branches:
Dungeon (6/15)             Temple (0/1) D:5

Altars:
Uskayaw


Innate Abilities, Weirdness & Mutations

You have a pair of horns on your head.
You reflexively headbutt those who attack you in melee.


Message History

You closely miss the orc priest.
The orc priest is heavily wounded.
The orc priest barely misses you. You furiously retaliate!
You headbutt the orc priest. The orc priest misses you.
You furiously retaliate!
You headbutt the orc priest.
You kill the orc priest!
Trog accepts your kill.
Your Dodging skill increases to level 5!
The orc shouts!
You hear a horrible gurgling sound!
The kobold brigand shouts!
You hear a bellow!
Things that are here:
a +0 war axe; a +0 chain mail As you open the door, it creaks loudly!
You hear an angry hiss.
A green ugly thing comes into view.
There is an open door here.
You slice the green ugly thing!!
The green ugly thing is moderately wounded.
An orc wizard comes into view. It is wielding a +0 dagger.
The green ugly thing punches you but does no damage.
The green ugly thing punches you!
You are poisoned.
The green ugly thing poisons you!
The orc wizard moves out of view.
You open the green ugly thing like a pillowcase!!!
You headbutt the green ugly thing.
The green ugly thing is almost dead.
You feel extremely sick. The green ugly thing punches you. x2
You barely miss the green ugly thing.
The green ugly thing is almost dead.
You feel extremely sick. The green ugly thing punches you!
* * * LOW HITPOINT WARNING * * *
The green ugly thing punches you!
* * * LOW HITPOINT WARNING * * *
You are more poisoned.
The green ugly thing poisons you!
You closely miss the green ugly thing. You headbutt the green ugly thing.
You kill the green ugly thing!
Trog accepts your kill.
You die...

....#....#####...........#.##.#
....###'## #.########....##.#
....# #.# ..##.####.###
....###.######. ##. #.........
+#...##........ #.# ######.##.
#......########+##.# #.#..
#........# ###8..# #.#..
#........# #.')..# #.#.#
#...##...###.##@##o# #.#.#
###...........#†8# # #.#.#
####+##...####.#..# #.#.#
......#...###..##.o #.#
......#.....#.######## #.#
......##....#......... #.#
................#.##. #.#
.......#....##....## #.#
.......#....##.....# #.#


You could see an orc.

Vanquished Creatures
  An ugly thing (D:6)
  Maggie (D:6)
  Sigmund (D:3)
  A steam dragon (D:5)
  Duvessa (D:4)
  An ice beast (D:5)
  An ogre (D:6)
  A bullfrog (D:4)
  Blork the orc (D:4)
  A necrophage (D:4)
  2 scorpions (D:6)
  Dowan (D:4)
  A howler monkey (D:6)
  2 orc priests
  A gnoll bouda (D:6)
  A sleepcap (D:5)
  A hound (D:6)
  A jelly (D:5)
  An orc wizard (D:5)
  4 gnolls (D:6)
  5 adders
  2 shadow imps
  A dart slug (D:1)
  4 orcs
  11 ball pythons
  13 endoplasms
  5 giant cockroaches
  9 hobgoblins
  2 jackals (D:1)
  3 quokkas
  10 bats
  A frilled lizard (D:3)
  8 goblins
  7 kobolds
  11 rats
  2 butterflies (D:5)
119 creatures vanquished.

Vanquished Creatures (others)
  A fungus (D:3)
  3 plants (D:3)
4 creatures vanquished.

Grand Total: 123 creatures vanquished

Notes
Turn   | Place    | Note
-------+----------+-------------------------------------------
     0 | D:1      | prey the Minotaur Berserker began the quest for the Orb.
     0 | D:1      | Reached XP level 1. HP: 19/19 MP: 0/0
   298 | D:1      | Reached XP level 2. HP: 26/27 MP: 1/1
   559 | D:1      | Upgraded the game from 0.30-a0-824-g6c64550be9 to
                  | 0.30-a0-830-gfe289a77b0
   631 | D:1      | Reached XP level 3. HP: 30/33 MP: 2/2
   858 | D:2      | Reached ** piety under Trog
  1259 | D:2      | Reached XP level 4. HP: 41/41 MP: 3/3
  1562 | D:3      | Noticed Sigmund
  1571 | D:3      | Killed Sigmund
  1572 | D:3      | Reached skill level 5 in Polearms
  1572 | D:3      | Reached XP level 5. HP: 47/47 MP: 4/4
  1607 | D:3      | Reached skill level 5 in Fighting
  1656 | D:3      | Found a faded altar of an unknown god.
  1881 | D:3      | Reached XP level 6. HP: 44/56 MP: 5/5
  2312 | D:4      | Noticed Blork the orc
  2320 | D:4      | Killed Blork the orc
  2326 | D:4      | Upgraded the game from 0.30-a0-830-gfe289a77b0 to
                  | 0.30-a0-972-gf3ab3527aa
  2525 | D:4      | Reached skill level 1 in Maces & Flails
  2525 | D:4      | Reached skill level 5 in Armour
  2646 | D:4      | Reached *** piety under Trog
  2895 | D:4      | Noticed Dowan
  2897 | D:4      | Noticed Duvessa
  2904 | D:4      | Killed Duvessa
  2905 | D:4      | Reached XP level 7. HP: 61/61 MP: 6/6
  2907 | D:4      | Killed Dowan
  3222 | D:5      | Entered Level 5 of the Dungeon
  3223 | D:5      | Upgraded the game from 0.30-a0-972-gf3ab3527aa to
                  | 0.30-a0-986-g7f2e898f52
  3306 | D:5      | Identified the +8 great sword of the Revolution {heavy,
                  | rC++}
  3309 | D:5      | Noticed a steam dragon
  3317 | D:5      | Killed a steam dragon
  3318 | D:5      | Reached skill level 1 in Long Blades
  3468 | D:5      | Upgraded the game from 0.30-a0-986-g7f2e898f52 to
                  | 0.30-a0-989-g0d87f670db
  3521 | D:5      | Found a staircase to the Ecumenical Temple.
  3683 | D:5      | Found a hide-covered altar of Uskayaw.
  4094 | D:6      | Reached XP level 8. HP: 58/70 MP: 7/7
  4673 | D:6      | Noticed Maggie
  4680 | D:6      | Killed Maggie
  4681 | D:6      | Reached skill level 5 in Long Blades
  4981 | D:6      | Reached skill level 5 in Dodging
  5004 | D:6      | Identified the +0 ring mail of the Cricket {+Blink rCorr
                  | Str-5}
  5016 | D:6      | Noticed a green ugly thing
  5022 | D:6      | Killed a green ugly thing
  5022 | D:6      | Succumbed to a green ugly thing's poison

Illustrated notes

Levels and vault maps discovered:
D:1:      dpeg_arrival_castle, layout_loops_ring
D:2:      layout_loops_ring, st_stairs_4, kennysheep_generic_room_14
D:3:      layout_basic, shapermc_ecumenical_altar_mp_urbaneastern,
          nicolae_underground_beach, uniq_sigmund
D:4:      layout_basic, minmay_misc_feat_enclosed,
          chequers_serial_rivers_micro_e, uniq_duvessa, uniq_blork_the_orc
D:5:      layout_cave_pools, lemuel_coloured_pillars_altar,
          minmay_temple_entry_butterflies, serial_park_tiny_2,
          minmay_misc_feat_square
D:6:      minmay_chambers_of_sixes, layout_basic, uniq_maggie

Skill      XL: |  1  2  3  4  5  6  7  8 |
---------------+-------------------------+-----
Polearms       | 4 5 6 |  6.6
Fighting       | 4 5 6 |  6.9
Armour         | 3 4 5 6 |  6.8
Dodging        | 3 4 5 |  5.0
Maces & Flails | 3 |  3.8
Long Blades    | 3 5 |  5.4
Stealth        | |  0.2

Action                     |  1- 3 |  4- 6 |  7- 9 || total
---------------------------+-------+-------+-------++-------
  Melee: Spear             |   142 |    89 |       ||   231
         Headbutt          |    14 |    21 |    10 ||    45
         Flail             |       |    29 |     8 ||    37
         Halberd           |       |     1 |       ||     1
         Punch             |       |     1 |       ||     1
         Great sword       |       |       |    36 ||    36
 Invoke: Berserk           |     1 |     3 |     1 ||     5
 Armour: Scale mail        |    40 |    33 |    13 ||    86
         Chain mail        |       |       |     5 ||     5
  Dodge: Dodged            |    45 |    44 |    38 ||   127

Table legend: (Time is in decaauts)
 A = Elapsed time spent in this place.
 B = Non-inter-level travel time spent in this place.
 C = Inter-level travel time spent in this place.
 D = Time resting spent in this place.
 E = Time spent auto-exploring this place.
 F = Levels seen in this place.
 G = Mean time per level.
                   A        B        C        D        E       F      G
               +--------+--------+--------+--------+--------+-----+--------+
         Total |   5106 |   4844 |    262 |    378 |   3515 |   6 |  851.0 |
       Dungeon |   5106 |   4844 |    262 |    378 |   3515 |   6 |  851.0 |
               +--------+--------+--------+--------+--------+-----+--------+

Top non-repeatable levels by time:
     D:4: 1004 daAuts
     D:6: 940 daAuts
     D:5: 915 daAuts
     D:1: 817 daAuts
     D:2: 740 daAuts
     D:3: 689 daAuts
